 Dungeon Crawl Stone Soup version 0.23.0-28-g6fe0f4dc8b (webtiles) character file.

Game seed: 16827376120149664070

49 Delanovic the Gusty (level 3, -2/26 HPs)
             Began as a Draconian Air Elementalist on Feb 26, 2019.
             Shot with an arrow by a centaur (7 damage)
             ... on level 1 of the Dungeon.
             The game lasted 00:03:48 (2067 turns).

Delanovic the Gusty (Draconian Air Elementalist)    Turns: 2067, Time: 00:03:49

Health: -2/26      AC:  8    Str: 15    XL:     3   Next: 51%
Magic:  1/6        EV: 12    Int: 16    God:
Gold:   28         SH:  0    Dex: 11    Spells: 0/6 levels left

rFire    . . .     SeeInvis .   e - +0 short sword
rCold    . . .     Gourm    .   (no shield)
rNeg     . . .     Faith    .   (armour unavailable)
rPois    .         Spirit   .   (helmet restricted)
rElec    .         Reflect  .   (no cloak)
rCorr    .         Harm     .   l - +2 pair of gloves
MR       .....                  (no boots)
Stlth    +.........             (no amulet)
HPRegen  0.08/turn              a - ring of attention (curse)
MPRegen  0.10/turn              (no ring)

@: mighty, lethally poisoned (-2 -> -8), swift, quick
A: unfitting armour, cold-blooded, AC +5
a: no special abilities


You were on level 1 of the Dungeon.
You were hungry.

You visited 1 branch of the dungeon, and saw 2 of its levels.

You collected 28 gold pieces.

Inventory:

Hand Weapons
 e - a +0 short sword (weapon)
Armour
 l - a +2 pair of gloves (worn)
Jewellery
 a - a cursed ring of attention (left hand)
Scrolls
 f - a scroll of enchant weapon {unknown}
 g - a scroll of teleportation {unknown}
 h - a scroll of random uselessness {unknown}
 i - a scroll of blinking {unknown}
 m - 2 scrolls of magic mapping {unknown}
Potions
 c - a potion of heal wounds {unknown}
 d - a potion of might
 k - a potion of cancellation {unknown}
Comestibles
 b - 3 rations


   Skills:
 - Level 1.7 Dodging
 - Level 1.7 Stealth
 - Level 2.0 Spellcasting
 + Level 2.5 Conjurations
 + Level 3.8 Air Magic


You couldn't memorise any spells.
You knew the following spells:

 Your Spells              Type           Power        Failure   Level  Hunger
a - Shock                 Conj/Air       ##..         5%          1    #......
b - Swiftness             Chrm/Air       #.......     14%         2    ###....
c - Static Discharge      Conj/Air       ##......     17%         3    ###....

Your spell library contained the following spells:

 Spells                   Type           Power        Failure   Level  Hunger
 Airstrike                Air            ##........   38%         4    #####..
 Lightning Bolt           Conj/Air       ##........   83%         5    ######.


Dungeon Overview and Level Annotations

Branches:
Dungeon (2/15)

Altars:


Innate Abilities, Weirdness & Mutations

Your plain brown scales are hard. (AC +5)
You cannot fit into any form of body armour.
You are cold-blooded and may be slowed by cold attacks.


Message History

Press: ? - help, Shift-Dir - straight line The zap hits the worker ant.
The worker ant is moderately wounded.
The zap hits the worker ant.
The worker ant is heavily wounded.
The worker ant barely misses you. The worker ant bites you.
You are lethally poisoned!
The worker ant poisons you!
Casting: Shock (safe; 5% risk of failure)
Confirm with . or Enter, or press ? or * to list all spells.
You feel quick.
You feel sick. The worker ant barely misses you.
* * * LOW HITPOINT WARNING * * *
You feel sick.
* * * LOW HITPOINT WARNING * * *
You feel sick.
It was a potion of might.
You feel very mighty all of a sudden.
* * * LOW HITPOINT WARNING * * *
You feel sick.
The centaur shoots an arrow.
The arrow hits you!
You die...

.# #####.###.#.####....#.##.#####
####.....#.....#.....#.#.##.##
...............#.#####.#.##..#
..)........#.#.#.......#.###.###
......)..#.#...#########.#.....#
####+#.#########.#.....#.#.##).#
...#.#.......#...#.###)#...##..#
............(...(...c.>........#
...#.....###.#.#@#.###.........#
########.#.....#.#.# #.######..##
.....# #.#.#.....#.###.#### ##..#
####.# #.#..######........# #..#
####[# #.##.######........# #..#
.....###.........#........#####..
.......#.........#...........##..
.................#####.......###.
....(..............# #.......# #.


You could see a centaur.

Vanquished Creatures
  An ooze (D:2)
  4 dart slugs (D:1)
  A leopard gecko (D:1)
  3 bats (D:1)
  3 giant cockroaches (D:1)
  7 goblins
  4 hobgoblins (D:1)
  3 frilled lizards (D:1)
  3 kobolds (D:1)
  2 rats (D:1)
31 creatures vanquished.

Notes
Turn   | Place    | Note
-------+----------+-------------------------------------------
     0 | D:1      | Delanovic the Draconian Air Elementalist began the quest
                  | for the Orb.
     0 | D:1      | Reached XP level 1. HP: 14/14 MP: 3/3
   357 | D:1      | Reached XP level 2. HP: 20/20 MP: 0/5
   446 | D:1      | Learned a level 2 spell: Swiftness
  1266 | D:1      | Reached XP level 3. HP: 26/26 MP: 3/6
  1731 | D:2      | Learned a level 3 spell: Static Discharge
  1796 | D:2      | Noticed a centaur
  1797 | D:2      | Noticed a scorpion
  2067 | D:1      | Shot with an arrow by a centaur

Skill      XL: |  1  2 |
---------------+-------+-----
Conjurations   | 2 |  2.5
Dodging        | |  1.7
Stealth        | |  1.7
Spellcasting   | |  2.0
Air Magic      | |  3.8

Action                   || total
-------------------------++-------
Melee: Unarmed           ||     4
       Tailslap          ||     3
       Short sword       ||    43
 Cast: Shock             ||    58
       Swiftness         ||     1
       Static Discharge  ||     1
  Use: Potion            ||     1
 Stab: Sleeping          ||     3
  Eat: Chunk             ||     4
Armor: Skin              ||    20
Dodge: Dodged            ||    41
